 Dungeon Crawl Stone Soup version 0.24-a0-378-g94936e5 (webtiles) character file.

Game seed: 6948809272485932176

2422 r3xj the Basher (level 9, 0/80 HPs)
             Began as a Minotaur Berserker on June 1, 2019.
             Was an Elder of Trog.
             Slain by a kobold (4 damage)
             ... on level 7 of the Dungeon.
             The game lasted 00:20:39 (4564 turns).

r3xj the Basher (Minotaur Berserker)                Turns: 4564, Time: 00:20:40

Health: 0/80       AC: 14    Str: 27    XL:     9   Next: 24%
Magic:  8/8        EV:  9    Int:  4    God:    Trog [****..]
Gold:   245        SH:  0    Dex: 13    Spells: 8/8 levels left

rFire    . . .     SeeInvis .   z - +0 flail (holy)
rCold    . . .     Gourm    .   (no shield)
rNeg     . . .     Faith    .   G - +0 plate armour
rPois    .         Spirit   .   (helmet restricted)
rElec    .         Reflect  .   (no cloak)
rCorr    .         Harm     .   (no gloves)
MR       +....                  h - +0 pair of boots
Stlth    ..........             (no amulet)
HPRegen  0.23/turn              q - ring of protection from magic
MPRegen  0.11/turn              B - +5 ring of strength

@: lethally poisoned (0 -> -2), berserk cooldown, slowed, very slow
A: retaliatory headbutt, horns 2
a: Berserk, Trog's Hand, Brothers in Arms, Renounce Religion


You were on level 7 of the Dungeon.
You worshipped Trog.
Trog was greatly pleased with you.
You were very hungry.

You visited 1 branch of the dungeon, and saw 7 of its levels.

You collected 245 gold pieces.

Inventory:

Hand Weapons
 a - a +0 mace
 s - a +1 spear of piercing
 z - a +0 flail of holy wrath (weapon)
 H - the +3 whip of Infinity {speed, Stlth+}
   (You found it on level 6 of the Dungeon)

   Attacks with this weapon are significantly faster.
   It makes you more stealthy.
Armour
 b - a +0 animal skin
 h - a +0 pair of boots (worn)
 i - a +0 leather armour
 l - a +0 chain mail
 p - a cursed +0 large shield
 y - a +0 pair of boots
 A - a +0 shield
 G - a +0 plate armour (worn)
Jewellery
 q - a ring of protection from magic (left hand)
 r - an uncursed ring of magical power
 B - a +5 ring of strength (right hand)
Wands
 w - a wand of iceblast (15)
Scrolls
 e - 2 scrolls of noise {unknown}
 f - 2 scrolls of random uselessness {unknown}
 g - 3 scrolls of teleportation {unknown}
 j - 2 scrolls of enchant weapon {unknown}
 m - a scroll of blinking {unknown}
 C - 2 scrolls of amnesia {unknown}
 D - 4 scrolls of identify {unknown}
 F - a scroll of fog {unknown}
Potions
 d - 2 potions of magic {unknown}
 k - a potion of mutation {unknown}
 n - 3 potions of degeneration {unknown}
 o - a potion of might
 t - a potion of resistance {unknown}
 u - a potion of curing {unknown}
 v - 2 potions of flight {unknown}
 x - a potion of invisibility {unknown}
 E - a potion of cancellation {unknown}
Comestibles
 c - 8 rations
 I - 2 chunks of flesh


   Skills:
 + Level 7.7 Fighting
 * Level 10.1 Maces & Flails
 + Level 6.8 Armour
 - Level 4.2 Dodging
 - Level 0.1 Stealth
 + Level 5.0 Shields


You had 8 spell levels left.
You didn't know any spells.
Your spell library was empty.

Dungeon Overview and Level Annotations

Branches:
Dungeon (7/15)             Temple (0/1) D:7

Altars:
Cheibriados
Dithmenos
Kikubaaqudgha
Makhleb
Sif Muna
Xom
The Shining One

Shops:
D:4 *   D:5 =*   D:6 (   D:7 =


Innate Abilities, Weirdness & Mutations

You reflexively headbutt those who attack you in melee.
You have a pair of horns on your head.


Message History

The kobold hits you but does no damage. The big kobold barely misses you.
You closely miss the big kobold. You headbutt the big kobold!
The big kobold is heavily wounded.
You feel sick.
The kobold drinks a potion.
The kobold seems to grow stronger.
The kobold barely misses you. You furiously retaliate!
You headbutt the kobold!
You kill the kobold!
Trog accepts your kill. The big kobold closely misses you.
The kobold hits you but does no damage.
You sock the big kobold!
The big kobold is severely wounded.
You feel sick.
The big kobold hits you with a +0 dagger.
* * * LOW HITPOINT WARNING * * *
The kobold hits you but does no damage.
You sock the big kobold!
You kill the big kobold!
Trog accepts your kill.
Your Shields skill increases to level 5!
You feel sick. The kobold hits you.
You die...

#. ...... #.
.....
#.###..>.
#...#...
#......
#.....##
#..KK).#
#...@..#
#....#......
#)†..# .....
#(...# ####
#(...#
#....#
#....#
#....#
#....#
#....#
#....#


You could see 2 kobolds.

Vanquished Creatures
  A centaur zombie (D:7)
  2 sky beasts (D:5)
  3 ogres
  3 phantoms
  A big kobold (D:7)
  7 killer bees (D:7)
  A bullfrog zombie (D:5)
  3 hounds
  An orc priest (D:5)
  3 jellies
  3 bullfrog skeletons
  5 orc wizards
  Ijyb (D:4)
  Terence (D:2)
  3 worker ants
  Natasha (thrice) (D:2)
  An iguana (D:4)
  A hound skeleton (D:6)
  A worker ant zombie (D:5)
  8 gnolls (D:5)
  8 adders
  3 river rats (D:4)
  An adder zombie (D:6)
  An adder skeleton (D:4)
  3 worms
  3 dart slugs
  5 leopard geckos
  16 orcs
  10 giant cockroaches
  8 hobgoblins
  2 jackals (D:4)
  5 kobolds
  A quokka (D:2)
  7 bats
  5 frilled lizards
  4 goblins
  A jackal zombie (D:6)
  9 rats
144 creatures vanquished.

Notes
Turn   | Place    | Note
-------+----------+-------------------------------------------
     0 | D:1      | r3xj the Minotaur Berserker began the quest for the Orb.
     0 | D:1      | Reached XP level 1. HP: 19/19 MP: 0/0
   864 | D:1      | Reached XP level 2. HP: 27/27 MP: 1/1
  1115 | D:2      | Noticed Natasha
  1122 | D:2      | Noticed a crimson imp
  1122 | D:2      | Killed Natasha
  1122 | D:2      | Reached skill level 4 in Maces & Flails
  1122 | D:2      | Reached XP level 3. HP: 22/33 MP: 2/2
  1132 | D:2      | Noticed Natasha
  1137 | D:2      | Killed Natasha
  1203 | D:2      | Found a shimmering altar of Xom.
  1259 | D:2      | Reached XP level 4. HP: 27/41 MP: 3/3
  1339 | D:2      | Noticed Natasha
  1345 | D:2      | Killed Natasha
  1345 | D:2      | Reached skill level 5 in Maces & Flails
  1357 | D:2      | Noticed Terence
  1361 | D:2      | Killed Terence
  1529 | D:2      | Reached ** piety under Trog
  1568 | D:2      | Reached XP level 5. HP: 33/47 MP: 4/4
  1746 | D:2      | Found a glowing golden altar of the Shining One.
  2252 | D:3      | Reached skill level 5 in Fighting
  2481 | D:4      | Noticed a phantom
  2482 | D:4      | Noticed an ogre
  2490 | D:4      | Killed an ogre
  2490 | D:4      | Reached skill level 6 in Maces & Flails
  2490 | D:4      | Reached XP level 6. HP: 56/56 MP: 5/5
  2637 | D:4      | Noticed Ijyb
  2638 | D:4      | Found a snail-covered altar of Cheibriados.
  2647 | D:4      | Reached *** piety under Trog
  2648 | D:4      | Killed Ijyb
  2753 | D:4      | Found a deep blue altar of Sif Muna.
  2873 | D:4      | Found Vosi Vick's Assorted Antiques.
  3073 | D:4      | Reached XP level 7. HP: 49/61 MP: 6/6
  3141 | D:5      | Entered Level 5 of the Dungeon
  3161 | D:5      | Reached skill level 7 in Maces & Flails
  3200 | D:5      | Found an ancient bone altar of Kikubaaqudgha.
  3240 | D:5      | Reached skill level 1 in Shields
  3398 | D:5      | Reached skill level 5 in Armour
  3682 | D:5      | Found Qilatudd's Jewellery Shop.
  3714 | D:5      | Reached XP level 8. HP: 71/71 MP: 7/7
  3714 | D:5      | Reached **** piety under Trog
  3717 | D:5      | Reached skill level 8 in Maces & Flails
  3767 | D:5      | Found Zucocs's General Store.
  3887 | D:6      | Found Jourhy's Antique Weapon Shop.
  4013 | D:6      | Found a shadowy altar of Dithmenos.
  4069 | D:6      | Found a burning altar of Makhleb.
  4159 | D:6      | Got an ichor-stained whip
  4160 | D:6      | Identified the +3 whip of Infinity {speed, Stlth+} (You
                  | found it on level 6 of the Dungeon)
  4336 | D:7      | Found Tublot's Jewellery Emporium.
  4389 | D:7      | Reached skill level 9 in Maces & Flails
  4512 | D:7      | Reached XP level 9. HP: 74/79 MP: 8/8
  4553 | D:7      | Reached skill level 10 in Maces & Flails
  4555 | D:7      | Found a staircase to the Ecumenical Temple.
  4564 | D:7      | Reached skill level 5 in Shields
  4564 | D:7      | HP: 4/80 [poisoned by a killer bee]
  4564 | D:7      | Slain by a kobold

Levels and vault maps discovered:
D:1:      minmay_arrival_five_plusses, layout_basic, serial_bayou_lake_a
D:2:      layout_loops_ring, nicolae_overflow_crystal_walls, lemuel_round_altar,
          serial_rivers, chequers_serial_rivers_small_3,
          chequers_serial_rivers_room_a, chequers_serial_rivers_small_b,
          chequers_serial_rivers_micro_e, first_ration, uniq_terence,
          uniq_natasha
D:3:      layout_basic
D:4:      layout_rooms, cheibriados_altar_1, nicolae_overflow_hidden_temple,
          serial_shops, kennysheep_little_box, portal_sewer_entry_e,
          kennysheep_windowed_goal, uniq_ijyb
D:5:      layout_basic, kiku_gazebo_pond_becter, serial_shops,
          nicolae_shop_stone, nicolae_shop_behind_doors
D:6:      layout_rooms, lemuel_round_altar, grunt_dithmenos_shadows,
          serial_shops, shop
D:7:      layout_gridville, minmay_temple_entry_tees, serial_shops,
          nicolae_shop_window_shopping

Skill      XL: |  1  2  3  4  5  6  7  8  9 |
---------------+----------------------------+-----
Fighting       | 4 5 6 7 |  7.7
Maces & Flails | 4 5 6 7 9 10 | 10.1
Armour         | 3 4 5 6 |  6.8
Dodging        | 3 4 |  4.2
Shields        | 2 4 5 |  5.0
Stealth        | |  0.1

Action                   |  1- 3 |  4- 6 |  7- 9 || total
-------------------------+-------+-------+-------++-------
Melee: Mace              |    34 |   134 |       ||   168
       Headbutt          |     6 |    21 |    37 ||    64
       Flail             |       |    10 |   153 ||   163
       Whip              |       |       |    41 ||    41
Invok: Berserk           |       |     4 |     5 ||     9
  Eat: Chunk             |     1 |     6 |     9 ||    16
       Ration            |       |     1 |       ||     1
Armor: Leather armour    |     3 |     4 |       ||     7
       Animal skin       |     1 |       |       ||     1
       Chain mail        |       |    80 |    51 ||   131
       Plate armour      |       |       |    52 ||    52
Dodge: Dodged            |    24 |    92 |    96 ||   212

Table legend:
 A = Non-vault XP
 B = Vault XP
 C = Vault XP percentage of total XP
 D = Non-vault monster count
 E = Vault monster count
 F = Vault count percentage of total count
                 A         B        C        D         E       F
            +---------+---------+-------+---------+---------+-------
      Total |    3176 |     285 |   8.2 |     131 |      13 |   9.0
            +---------+---------+-------+---------+---------+-------
        D:1 |      12 |       0 |   0.0 |       6 |       0 |   0.0
        D:2 |     128 |      71 |  35.7 |      27 |       2 |   6.9
        D:3 |      80 |       0 |   0.0 |      19 |       0 |   0.0
        D:4 |     379 |      90 |  19.2 |      16 |      10 |  38.5
        D:5 |     944 |       0 |   0.0 |      32 |       0 |   0.0
        D:6 |     233 |     124 |  34.7 |      13 |       1 |   7.1
        D:7 |    1400 |       0 |   0.0 |      18 |       0 |   0.0
            +---------+---------+-------+---------+---------+-------
